Canucks vs Bruins (R1)

Created - October 27, 2019 at 08:42

Goals
1 2 3 T
Canucks 2 0 1 3
Bruins 3 3 1 7
Shots
1 2 3 T
Canucks 8 18 10 36
Bruins 7 17 7 31

1st period

1. Bruins , Kris Chucko 1 (Dave Bolland 2) at 1:09
2. Bruins , Kris Chucko 2 (Mattias Tedenby 1, Casey Cizikas 1) at 6:45
3. Canucks , Jamie McBain 2 (Nick Palmieri 2, Alex Goligoski 3) at 9:04
4. Bruins , Jonathan Toews 3 (Wojtek Wolski 4, Johnny Boychuk 1) at 13:44
5. Canucks , Alex Goligoski 1 (Jamie McBain 3, Marc Savard 2) at 15:27

Penalties :
Henrik Zetterberg (Van) for Cross-checking (Minor) at 3:22, Victor Oreskovich (Bos) for Hooking (Minor) at 15:40

2nd period

6. Bruins , Jonathan Toews 4 (Jason Demers 1, Wojtek Wolski 5) at 8:49 (PP)
7. Bruins , Kris Chucko 3 (Casey Cizikas 2, Mattias Tedenby 2) at 14:03
8. Bruins , Jason Demers 1 (Scott Hartnell 4) at 17:55

Penalties :
Mike Ribeiro (Bos) for Hooking (Minor) at 0:37, Torey Krug (Bos) for Hooking (Minor) at 3:17, Kris Versteeg (Van) for Hooking (Minor) at 8:17, Victor Oreskovich (Bos) for Hooking (Minor) at 18:19

3rd period

9. Bruins , Jonathan Toews 5 (Wojtek Wolski 6, Jason Demers 2) at 0:14 (SH)
10. Canucks , Robert Nilsson 1 (Henrik Zetterberg 2) at 0:18 (PP)

Penalties :
Brenden Morrow (Van) for Holding Stick (Minor) at 1:05, Jordie Benn (Van) for Roughing (Minor) at 3:34, Victor Oreskovich (Bos) for Holding (Minor) at 9:36, Robert Nilsson (Van) for Hooking (Minor) at 17:24

Goalie Stats

Michal Neuvirth (Van), 9 saves from 13 shots - (0.692), L, 1-3-0, 28:49 minutes
Brandon Halverson (Van), 15 saves from 18 shots - (0.833), 31:11 minutes
Kevin Poulin (Bos), 33 saves from 36 shots - (0.917), W, 3-0-0, 60:00 minutes

Players Stats for Canucks

Player Name              G  A  P  +/- PIM S  H  SB GA TA FO     MP     PP MP  PK MP  
------------------------------------------------------------------------------------
Alex Goligoski           1  1  2  -1  0   5  2  3  0  1  0/0    27:52   6:15   4:40 
Brenden Morrow           0  0  0  -1  2   2  1  0  0  0  0/0    10:43   0:10   1:39 
Clarke MacArthur         0  0  0   0  0   2  1  0  0  0  0/0    17:00   4:05   0:25 
Colton Gillies           0  0  0  -2  0   0  0  0  0  0  0/0     6:36   0:00   0:00 
Danny DeKeiser           0  0  0  -1  0   1  0  1  0  0  0/0    13:37   3:40   0:00 
Darren Helm              0  0  0  -2  0   0  0  0  0  0  0/0     6:36   0:00   0:00 
Dennis Wideman           0  0  0  -2  0   3  2  0  1  0  0/0    22:36   3:40   3:48 
Drew Fata                0  0  0  -2  0   2  1  2  0  0  0/0    18:31   0:00   3:48 
Henrik Zetterberg        0  1  1  -1  2   2  3  0  1  1  2/2    19:49   5:40   0:59 
J.T. Brown               0  0  0  -2  0   0  1  0  0  0  0/0     7:21   0:10   0:00 
James Wright             0  0  0  -1  0   3  2  0  0  0  2/4     8:41   0:00   0:19 
Jamie McBain             1  1  2  -1  0   5  0  0  0  3  0/0    28:09   6:15   4:40 
Jordie Benn              0  0  0  -1  2   0  0  0  0  0  0/0     9:17   0:00   0:00 
Kris Versteeg            0  0  0  -1  2   2  2  0  0  0  0/2    23:28   5:40   4:16 
Marc Savard              0  1  1   0  0   1  1  2  0  0  3/6    19:19   4:05   2:40 
Nick Palmieri            0  1  1   0  0   3  3  0  2  0  0/1    16:35   4:05   0:00 
Robert Nilsson           1  0  1  -1  2   4  2  0  0  0  16/30  22:51   5:40   3:39 
Steve Bernier            0  0  0  -1  0   1  1  1  0  0  1/2    12:26   0:10   2:59 

Players Stats for Bruins

Player Name              G  A  P  +/- PIM S  H  SB GA TA FO     MP     PP MP  PK MP  
------------------------------------------------------------------------------------
Brendan Smith            0  0  0   3  0   0  1  0  1  2  0/0    24:43   4:22   5:32 
Casey Cizikas            0  2  2   3  0   0  2  0  0  0  0/0     8:13   0:00   1:29 
Dave Bolland             0  1  1   0  0   0  0  0  1  1  0/1    10:14   0:00   0:00 
Jason Demers             1  2  3   1  0   2  3  2  1  1  0/0    26:45   4:06   5:32 
Johnny Boychuk           0  1  1   1  0   0  1  1  0  0  0/0    14:02   0:00   4:23 
Jonathan Toews           3  0  3   1  0   7  1  1  2  0  17/34  22:58   4:48   5:29 
Kevin Bieksa             0  0  0   1  0   1  0  0  0  0  0/0    14:28   4:22   0:00 
Kris Chucko              3  0  3   3  0   3  1  0  0  0  0/0     8:13   0:00   1:29 
Mattias Tedenby          0  2  2   3  0   3  0  1  0  0  0/0     6:40   0:00   0:00 
Mike Ribeiro             0  0  0   0  2   1  0  0  0  0  5/10   15:00   3:40   0:00 
Nathan Horton            0  0  0   0  0   1  2  1  0  0  0/0    19:40   4:48   2:57 
Rene Bourque             0  0  0   0  0   0  0  0  0  0  0/0    10:14   0:00   0:00 
Scott Hartnell           0  1  1   0  0   3  2  0  0  0  0/0    18:35   3:40   2:57 
Shane O'Brien            0  0  0   2  0   2  2  0  0  0  0/0    14:41   0:00   0:48 
T.J Galiardi             0  0  0   0  0   3  2  0  0  0  0/0    10:14   0:00   0:00 
Torey Krug               0  0  0   0  2   1  1  1  0  0  0/0    25:20   4:06   3:35 
Victor Oreskovich        0  0  0   0  6   1  1  0  0  0  0/0    17:02   3:40   0:00 
Wojtek Wolski            0  3  3   1  0   3  2  0  0  0  1/2    22:58   4:48   5:29 

3 Stars

1 - Kris Chucko (Bos)
2 - Jonathan Toews (Bos)
3 - Jason Demers (Bos)

Power Play

Canucks - 1 on 5 Attempt(s) - 20.00%
Bruins - 1 on 5 Attempt(s) - 20.00%

Penalty Kill

Canucks - 4 on 5 Attempt(s) - 80.00% - Score 0 goal in Penalty Kill
Bruins - 4 on 5 Attempt(s) - 80.00% - Score 1 goal in Penalty Kill

Team Stat

Canucks - Hits : 22 - Faceoff Wins : 24 - Blocked Shots : 9 - Penalty Minutes : 10
Bruins - Hits : 21 - Faceoff Wins : 23 - Blocked Shots : 7 - Penalty Minutes : 10

Official

Referees : Unknown
Linesman : Unknown

Game Notes

Brandon Halverson enters game at 8:49 of 2nd period
Kris Chucko has scored a Hat Trick!
Jonathan Toews has scored a Hat Trick!

Finance

Level 1 -- Attendance: 3998 (66.63%) -- Ticket Income $495,752
Level 2 -- Attendance: 3702 (74.04%) -- Ticket Income $277,650
Level 3 -- Attendance: 1598 (79.90%) -- Ticket Income $70,312
Level 4 -- Attendance: 3638 (90.95%) -- Ticket Income $105,502
Luxury Box -- Attendance: 671 (67.10%) -- Ticket Income $146,949
Game was played at the TD Banknorth Garden.
Total Attendance: 13607 (75.59%)
Total Ticket Income: $1,096,165
Other Income: $164,425
Total Income: $1,260,590

Canucks

5 vs 5 Forward 
   Center                   Left Wing                Right Wing               Time % Phy DF OF 
 1 Robert Nilsson           Henrik Zetterberg        Kris Versteeg            55     0   0  5  
 2 Marc Savard              Clarke MacArthur         Nick Palmieri            30     0   0  5  
 3 James Wright             Brenden Morrow           Steve Bernier            10     1   2  2  
 4 Colton Gillies           Darren Helm              J.T. Brown               5      1   2  2  

5 vs 5 Defense 
   Defense                  Defense                                           Time % Phy DF OF 
 1 Jamie McBain             Alex Goligoski                                    50     0   0  5  
 2 Drew Fata                Dennis Wideman                                    35     1   2  2  
 3 Danny DeKeiser           Jordie Benn                                       10     1   2  2  
 4 Danny DeKeiser           Jamie McBain                                      5      1   2  2  

PowerPlay Forward 
   Center                   Left Wing                Right Wing               Time % Phy DF OF 
 1 Robert Nilsson           Henrik Zetterberg        Kris Versteeg            70     0   0  5  
 2 Marc Savard              Clarke MacArthur         Nick Palmieri            30     0   0  5  

PowerPlay Defense
   Defense                  Defense                                           Time % Phy DF OF 
 1 Jamie McBain             Alex Goligoski                                    70     1   0  4  
 2 Danny DeKeiser           Dennis Wideman                                    30     1   0  4  

Penalty Kill 4 Players Forward 
   Center                   Wing                     Time % Phy DF OF 
 1 Robert Nilsson           Kris Versteeg            60     1   2  2  
 2 Henrik Zetterberg        Marc Savard              40     1   2  2  

Penalty Kill 4 Players Defense
   Defense                  Defense                  Time % Phy DF OF 
 1 Jamie McBain             Alex Goligoski           60     1   2  2  
 2 Drew Fata                Dennis Wideman           40     1   2  2  

Penalty Kill - 3 Players Forward 
   Forward                                           Time % Phy DF OF 
 1 Robert Nilsson                                    60     1   2  2  
 2 Kris Versteeg                                     40     1   2  2  

Penalty Kill - 3 Players Defense
   Defense                  Defense                  Time % Phy DF OF 
 1 Jamie McBain             Alex Goligoski           60     1   2  2  
 2 Drew Fata                Dennis Wideman           40     1   2  2  

4 vs 4 Forward 
   Center                   Wing                     Time % Phy DF OF 
 1 Robert Nilsson           Kris Versteeg            60     1   2  2  
 2 Henrik Zetterberg        Nick Palmieri            40     1   2  2  

4 vs 4 Defense
   Defense                  Defense                  Time % Phy DF OF 
 1 Jamie McBain             Alex Goligoski           60     1   2  2  
 2 Drew Fata                Dennis Wideman           40     1   2  2  

Last Minutes Offensive
   Center                   Left Wing                Right Wing               Defense                  Defense                  
   Robert Nilsson           Henrik Zetterberg        Kris Versteeg            Jamie McBain             Alex Goligoski           

Last Minutes Defensive
   Center                   Left Wing                Right Wing               Defense                  Defense                  
   Robert Nilsson           Henrik Zetterberg        Kris Versteeg            Jamie McBain             Alex Goligoski           

Goaltenders
Starting : Michal Neuvirth          
Backup : Brandon Halverson        

Extra Forwards
Normal : Marc Savard, Kris Versteeg, Steve Bernier - PP : Marc Savard, J.T. Brown - PK : Steve Bernier
Extra Defensemen
Normal : Danny DeKeiser, Jamie McBain, Drew Fata - PP : Danny DeKeiser - PK : Drew Fata, Jamie McBain
Penalty Shots
Robert Nilsson, Kris Versteeg, Henrik Zetterberg, Nick Palmieri, Clarke MacArthur

Scratches
Tyler Johnson (Healthy), Jeremy Morin (Healthy)

Bruins

5 vs 5 Forward 
   Center                   Left Wing                Right Wing               Time % Phy DF OF 
 1 Jonathan Toews           Wojtek Wolski            Victor Oreskovich        40     0   2  3  
 2 Mike Ribeiro             Scott Hartnell           Nathan Horton            30     1   2  2  
 3 Dave Bolland             T.J Galiardi             Rene Bourque             20     1   2  2  
 4 Casey Cizikas            Kris Chucko              Mattias Tedenby          10     1   2  2  

5 vs 5 Defense 
   Defense                  Defense                                           Time % Phy DF OF 
 1 Jason Demers             Torey Krug                                        40     1   2  2  
 2 Brendan Smith            Shane O'Brien                                     30     1   2  2  
 3 Kevin Bieksa             Johnny Boychuk                                    20     1   2  2  
 4 Brendan Smith            Jason Demers                                      10     1   2  2  

PowerPlay Forward 
   Center                   Left Wing                Right Wing               Time % Phy DF OF 
 1 Jonathan Toews           Wojtek Wolski            Nathan Horton            60     0   2  3  
 2 Mike Ribeiro             Scott Hartnell           Victor Oreskovich        40     0   2  3  

PowerPlay Defense
   Defense                  Defense                                           Time % Phy DF OF 
 1 Kevin Bieksa             Brendan Smith                                     60     0   2  3  
 2 Jason Demers             Torey Krug                                        40     0   2  3  

Penalty Kill 4 Players Forward 
   Center                   Wing                     Time % Phy DF OF 
 1 Jonathan Toews           Wojtek Wolski            60     0   2  3  
 2 Nathan Horton            Scott Hartnell           40     0   3  2  

Penalty Kill 4 Players Defense
   Defense                  Defense                  Time % Phy DF OF 
 1 Jason Demers             Brendan Smith            60     0   4  1  
 2 Johnny Boychuk           Torey Krug               40     0   4  1  

Penalty Kill - 3 Players Forward 
   Forward                                           Time % Phy DF OF 
 1 Wojtek Wolski                                     60     0   5  0  
 2 Scott Hartnell                                    40     0   5  0  

Penalty Kill - 3 Players Defense
   Defense                  Defense                  Time % Phy DF OF 
 1 Jason Demers             Brendan Smith            60     0   5  0  
 2 Johnny Boychuk           Torey Krug               40     0   5  0  

4 vs 4 Forward 
   Center                   Wing                     Time % Phy DF OF 
 1 Jonathan Toews           Wojtek Wolski            60     0   2  3  
 2 Mike Ribeiro             Scott Hartnell           40     1   2  2  

4 vs 4 Defense
   Defense                  Defense                  Time % Phy DF OF 
 1 Jason Demers             Brendan Smith            60     1   2  2  
 2 Shane O'Brien            Torey Krug               40     1   2  2  

Last Minutes Offensive
   Center                   Left Wing                Right Wing               Defense                  Defense                  
   Jonathan Toews           Wojtek Wolski            Nathan Horton            Jason Demers             Shane O'Brien            

Last Minutes Defensive
   Center                   Left Wing                Right Wing               Defense                  Defense                  
   Jonathan Toews           Wojtek Wolski            Nathan Horton            Jason Demers             Shane O'Brien            

Goaltenders
Starting : Kevin Poulin             
Backup : Josh Tordjman            

Extra Forwards
Normal : Scott Hartnell, Wojtek Wolski, Jonathan Toews - PP : Scott Hartnell, Wojtek Wolski - PK : Casey Cizikas
Extra Defensemen
Normal : Brendan Smith, Jason Demers, Torey Krug - PP : Johnny Boychuk - PK : Shane O'Brien, Jason Demers
Penalty Shots
Nathan Horton, Jonathan Toews, Wojtek Wolski, Mike Ribeiro, Mattias Tedenby

Scratches
None


% Time on Ice - Canucks

Lines # - Real PCT - Wanted PCT - Time Play
Normal Forward
1 - 34% - 55% - 14:08
2 - 30% - 30% - 12:34
3 - 20% - 10% - 8:19
4 - 16% - 5% - 6:36
Normal Defense
1 - 42% - 50% - 17:19
2 - 35% - 35% - 14:46
3 - 22% - 10% - 9:15
4 - 1% - 5% - 0:17
PP Forward
1 - 59% - 70% - 5:50
2 - 41% - 30% - 4:05
PP Defense
1 - 63% - 70% - 6:15
2 - 37% - 30% - 3:40
PK Forward
1 - 78% - 60% - 6:38
2 - 22% - 40% - 1:50
PK Defense
1 - 59% - 60% - 4:58
2 - 41% - 40% - 3:30
PK3 Forward
1 - 0% - 60%
2 - 0% - 40%
PK3 Defense
1 - 0% - 60%
2 - 0% - 40%
44 Forward
1 - 0% - 60%
2 - 0% - 40%
44 Defense
1 - 0% - 60%
2 - 0% - 40%
Last Minute Offensive  - 0:00
Last Minute Defensive  - 0:00
Total
Forward - 60:00
Defense - 60:00

% Time on Ice - Bruins

Lines # - Real PCT - Wanted PCT - Time Play
Normal Forward
1 - 31% - 40% - 12:45
2 - 29% - 30% - 11:58
3 - 25% - 20% - 10:14
4 - 16% - 10% - 6:40
Normal Defense
1 - 40% - 40% - 16:30
2 - 37% - 30% - 15:28
3 - 20% - 20% - 8:31
4 - 3% - 10% - 1:08
PP Forward
1 - 57% - 60% - 4:48
2 - 43% - 40% - 3:40
PP Defense
1 - 52% - 60% - 4:22
2 - 48% - 40% - 4:06
PK Forward
1 - 70% - 60% - 6:58
2 - 30% - 40% - 2:57
PK Defense
1 - 56% - 60% - 5:32
2 - 44% - 40% - 4:23
PK3 Forward
1 - 0% - 60%
2 - 0% - 40%
PK3 Defense
1 - 0% - 60%
2 - 0% - 40%
44 Forward
1 - 0% - 60%
2 - 0% - 40%
44 Defense
1 - 0% - 60%
2 - 0% - 40%
Last Minute Offensive  - 0:00
Last Minute Defensive  - 0:00
Total
Forward - 60:00
Defense - 60:00

Play-by-Play

1st period


0:01 of 1st period - Robert Nilsson wins face-off versus Jonathan Toews in neutral zone.
0:14 of 1st period - Slapshot by Henrik Zetterberg.
0:14 of 1st period - Stopped by Kevin Poulin with a rebound.
0:50 of 1st period - Dennis Wideman is hit by T.J Galiardi and loses puck.
1:09 of 1st period - Snap shot by Kris Chucko.
1:09 of 1st period - Goal by Kris Chucko - Canucks : 0 - Bruins : 1.
1:10 of 1st period - Robert Nilsson wins face-off versus Jonathan Toews in neutral zone.
1:13 of 1st period - Jonathan Toews is hit by Drew Fata and loses puck.
2:53 of 1st period - Wrist shot by Mattias Tedenby.
2:53 of 1st period - Shot Blocked by Alex Goligoski.
3:22 of 1st period - Minor Penalty to Henrik Zetterberg for Cross-checking.
3:23 of 1st period - Jonathan Toews wins face-off versus Robert Nilsson in Canucks zone.
3:29 of 1st period - Slapshot by Wojtek Wolski.
3:29 of 1st period - Shot Blocked by Drew Fata.
3:35 of 1st period - Wrist shot by Wojtek Wolski.
3:35 of 1st period - Stopped by Michal Neuvirth with a rebound.
3:39 of 1st period - Wrist shot by Wojtek Wolski.
3:39 of 1st period - Shot Misses the Net.
4:11 of 1st period - Off-side.
4:12 of 1st period - Steve Bernier wins face-off versus Jonathan Toews in neutral zone.
4:15 of 1st period - Slapshot by Jamie McBain.
4:15 of 1st period - Stopped by Kevin Poulin with a rebound.
5:22 of 1st period - Penalty to Henrik Zetterberg is over, Henrik Zetterberg is back on ice.
6:41 of 1st period - Slapshot by Kris Chucko.
6:41 of 1st period - Shot Misses the Net.
6:43 of 1st period - Snap shot by Mattias Tedenby.
6:43 of 1st period - Shot Blocked by Alex Goligoski.
6:45 of 1st period - Snap shot by Kris Chucko.
6:45 of 1st period - Goal by Kris Chucko - Canucks : 0 - Bruins : 2.
6:46 of 1st period - Robert Nilsson wins face-off versus Jonathan Toews in neutral zone.
7:13 of 1st period - Nathan Horton is hit by Alex Goligoski and loses puck.
8:09 of 1st period - Kris Versteeg is hit by Jason Demers and loses puck.
8:43 of 1st period - Snap shot by Scott Hartnell.
8:43 of 1st period - Stopped by Michal Neuvirth without a rebound.
8:44 of 1st period - Marc Savard wins face-off versus Mike Ribeiro in Canucks zone.
9:04 of 1st period - Slapshot by Jamie McBain.
9:04 of 1st period - Goal by Jamie McBain - Canucks : 1 - Bruins : 2.
9:05 of 1st period - Robert Nilsson wins face-off versus Jonathan Toews in neutral zone.
9:37 of 1st period - Snap shot by Nick Palmieri.
9:37 of 1st period - Shot Misses the Net.
10:38 of 1st period - Wrist shot by Jonathan Toews.
10:38 of 1st period - Stopped by Michal Neuvirth with a rebound.
10:40 of 1st period - Slapshot by Victor Oreskovich.
10:40 of 1st period - Shot Misses the Net.
10:46 of 1st period - Snap shot by James Wright.
10:46 of 1st period - Stopped by Kevin Poulin with a rebound.
11:06 of 1st period - Danny DeKeiser is hit by Nathan Horton and loses puck.
11:31 of 1st period - Wrist shot by Robert Nilsson.
11:31 of 1st period - Stopped by Kevin Poulin without a rebound.
11:32 of 1st period - Jonathan Toews wins face-off versus Robert Nilsson in Bruins zone.
12:24 of 1st period - Slapshot by Jamie McBain.
12:24 of 1st period - Deflect By Brendan Smith.
12:24 of 1st period - Stopped by Kevin Poulin with a rebound.
13:02 of 1st period - Slapshot by Jamie McBain.
13:02 of 1st period - Stopped by Kevin Poulin with a rebound.
13:34 of 1st period - Johnny Boychuk is hit by Henrik Zetterberg.
13:44 of 1st period - Slapshot by Jonathan Toews.
13:44 of 1st period - Goal by Jonathan Toews - Canucks : 1 - Bruins : 3.
13:45 of 1st period - Henrik Zetterberg wins face-off versus Jonathan Toews in neutral zone.
13:58 of 1st period - Snap shot by Wojtek Wolski.
13:58 of 1st period - Stopped by Michal Neuvirth with a rebound.
14:44 of 1st period - T.J Galiardi is hit by James Wright.
14:45 of 1st period - Icing by T.J Galiardi.
14:46 of 1st period - Robert Nilsson wins face-off versus Dave Bolland in Bruins zone.
15:18 of 1st period - Icing by Jamie McBain.
15:19 of 1st period - Marc Savard wins face-off versus Jonathan Toews in Canucks zone.
15:27 of 1st period - Slapshot by Alex Goligoski.
15:27 of 1st period - Goal by Alex Goligoski - Canucks : 2 - Bruins : 3.
15:28 of 1st period - Jonathan Toews wins face-off versus Kris Versteeg in neutral zone.
15:40 of 1st period - Minor Penalty to Victor Oreskovich for Hooking.
15:41 of 1st period - Jonathan Toews wins face-off versus Robert Nilsson in Bruins zone.
15:41 of 1st period - Jonathan Toews is hit by Robert Nilsson.
17:40 of 1st period - Penalty to Victor Oreskovich is over, Victor Oreskovich is back on ice.
19:01 of 1st period - T.J Galiardi is hit by Henrik Zetterberg and loses puck.
19:48 of 1st period - Darren Helm is hit by Casey Cizikas and loses puck.
Goals for this period are 2 for Canucks vs 3 for Bruins.
Shots for this period are 8 for Canucks vs 7 for Bruins.

2nd period


0:01 of 2nd period - Jonathan Toews wins face-off versus Robert Nilsson in neutral zone.
0:37 of 2nd period - Minor Penalty to Mike Ribeiro for Hooking.
0:38 of 2nd period - Robert Nilsson wins face-off versus Wojtek Wolski in Bruins zone.
1:30 of 2nd period - Icing by Kris Versteeg.
1:31 of 2nd period - Jonathan Toews wins face-off versus Robert Nilsson in Canucks zone.
2:10 of 2nd period - Wojtek Wolski is hit by Nick Palmieri and loses puck.
2:37 of 2nd period - Penalty to Mike Ribeiro is over, Mike Ribeiro is back on ice.
2:40 of 2nd period - Snap shot by Brenden Morrow.
2:40 of 2nd period - Stopped by Kevin Poulin without a rebound.
2:41 of 2nd period - James Wright wins face-off versus Mike Ribeiro in Bruins zone.
2:46 of 2nd period - Snap shot by Brenden Morrow.
2:46 of 2nd period - Stopped by Kevin Poulin with a rebound.
2:48 of 2nd period - Slapshot by Dennis Wideman.
2:48 of 2nd period - Stopped by Kevin Poulin with a rebound.
2:50 of 2nd period - Slapshot by Dennis Wideman.
2:50 of 2nd period - Shot Misses the Net.
2:52 of 2nd period - Snap shot by Brenden Morrow.
2:52 of 2nd period - Deflect By Steve Bernier.
2:52 of 2nd period - Stopped by Kevin Poulin with a rebound.
2:54 of 2nd period - Slapshot by Brenden Morrow.
2:54 of 2nd period - Deflect By Steve Bernier.
2:54 of 2nd period - Shot Blocked by Nathan Horton.
2:54 of 2nd period - Puck is out of play.
2:55 of 2nd period - Robert Nilsson wins face-off versus Jonathan Toews in Bruins zone.
3:02 of 2nd period - Wrist shot by Kris Versteeg.
3:02 of 2nd period - Stopped by Kevin Poulin with a rebound.
3:17 of 2nd period - Minor Penalty to Torey Krug for Hooking.
3:18 of 2nd period - Jonathan Toews wins face-off versus Robert Nilsson in Bruins zone.
3:23 of 2nd period - Henrik Zetterberg is hit by Wojtek Wolski and loses puck.
3:30 of 2nd period - Snap shot by Alex Goligoski.
3:30 of 2nd period - Stopped by Kevin Poulin with a rebound.
3:32 of 2nd period - Wrist shot by Kris Versteeg.
3:32 of 2nd period - Shot Misses the Net.
3:48 of 2nd period - Snap shot by Clarke MacArthur.
3:48 of 2nd period - Stopped by Kevin Poulin without a rebound.
3:49 of 2nd period - Robert Nilsson wins face-off versus Jonathan Toews in Bruins zone.
5:12 of 2nd period - Jonathan Toews is hit by Robert Nilsson and loses puck.
5:17 of 2nd period - Penalty to Torey Krug is over, Torey Krug is back on ice.
5:37 of 2nd period - Wrist shot by J.T. Brown.
5:37 of 2nd period - Shot Blocked by Johnny Boychuk.
5:45 of 2nd period - Slapshot by Dennis Wideman.
5:45 of 2nd period - Stopped by Kevin Poulin with a rebound.
5:47 of 2nd period - Snap shot by Darren Helm.
5:47 of 2nd period - Shot Misses the Net.
5:57 of 2nd period - Backhand shot by T.J Galiardi.
5:57 of 2nd period - Stopped by Michal Neuvirth with a rebound.
5:59 of 2nd period - Snap shot by T.J Galiardi.
5:59 of 2nd period - Stopped by Michal Neuvirth with a rebound.
6:01 of 2nd period - Wrist shot by T.J Galiardi.
6:01 of 2nd period - Stopped by Michal Neuvirth without a rebound.
6:02 of 2nd period - Mike Ribeiro wins face-off versus Marc Savard in Canucks zone.
6:05 of 2nd period - Snap shot by Scott Hartnell.
6:05 of 2nd period - Stopped by Michal Neuvirth with a rebound.
6:13 of 2nd period - Torey Krug is hit by Nick Palmieri and loses puck.
6:28 of 2nd period - Dennis Wideman is hit by Jason Demers and loses puck.
6:57 of 2nd period - J.T. Brown is hit by Casey Cizikas and loses puck.
7:25 of 2nd period - Alex Goligoski is hit by Jason Demers and loses puck.
8:15 of 2nd period - Slapshot by Mattias Tedenby.
8:15 of 2nd period - Stopped by Michal Neuvirth with a rebound.
8:17 of 2nd period - Minor Penalty to Kris Versteeg for Hooking.
8:18 of 2nd period - Robert Nilsson wins face-off versus Jonathan Toews in Canucks zone.
8:23 of 2nd period - Slapshot by Jamie McBain.
8:23 of 2nd period - Deflect By Robert Nilsson.
8:23 of 2nd period - Stopped by Kevin Poulin with a rebound.
8:39 of 2nd period - Icing by Nathan Horton.
8:40 of 2nd period - Jonathan Toews wins face-off versus Robert Nilsson in Bruins zone.
8:49 of 2nd period - Backhand shot by Jonathan Toews.
8:49 of 2nd period - Goal by Jonathan Toews - Canucks : 2 - Bruins : 4.
8:49 of 2nd period - Brandon Halverson enters game.
8:50 of 2nd period - Robert Nilsson wins face-off versus Jonathan Toews in neutral zone.
8:59 of 2nd period - Alex Goligoski is hit by Wojtek Wolski and loses puck.
9:06 of 2nd period - Snap shot by Victor Oreskovich.
9:06 of 2nd period - Stopped by Brandon Halverson with a rebound.
9:25 of 2nd period - Snap shot by Nick Palmieri.
9:25 of 2nd period - Stopped by Kevin Poulin without a rebound.
9:26 of 2nd period - Jonathan Toews wins face-off versus Nick Palmieri in Bruins zone.
9:31 of 2nd period - Slapshot by Shane O'Brien.
9:31 of 2nd period - Shot Blocked by Marc Savard.
9:33 of 2nd period - Backhand shot by Shane O'Brien.
9:33 of 2nd period - Stopped by Brandon Halverson with a rebound.
9:35 of 2nd period - Slapshot by Victor Oreskovich.
9:35 of 2nd period - Shot Misses the Net.
9:37 of 2nd period - Wrist shot by Jonathan Toews.
9:37 of 2nd period - Stopped by Brandon Halverson with a rebound.
9:39 of 2nd period - Slapshot by Shane O'Brien.
9:39 of 2nd period - Deflect By Marc Savard.
9:39 of 2nd period - Stopped by Brandon Halverson with a rebound.
9:41 of 2nd period - Wrist shot by Jonathan Toews.
9:41 of 2nd period - Stopped by Brandon Halverson with a rebound.
9:59 of 2nd period - Snap shot by Mike Ribeiro.
9:59 of 2nd period - Shot Misses the Net.
10:01 of 2nd period - Snap shot by Scott Hartnell.
10:01 of 2nd period - Shot Misses the Net.
10:03 of 2nd period - Wrist shot by Scott Hartnell.
10:03 of 2nd period - Stopped by Brandon Halverson without a rebound.
10:04 of 2nd period - Mike Ribeiro wins face-off versus Robert Nilsson in Canucks zone.
10:15 of 2nd period - Slapshot by Jamie McBain.
10:15 of 2nd period - Shot Blocked by Jason Demers.
10:29 of 2nd period - Torey Krug is hit by Marc Savard and loses puck.
10:50 of 2nd period - Johnny Boychuk is hit by James Wright and loses puck.
10:55 of 2nd period - Slapshot by Alex Goligoski.
10:55 of 2nd period - Stopped by Kevin Poulin without a rebound.
10:56 of 2nd period - James Wright wins face-off versus Mike Ribeiro in Bruins zone.
10:56 of 2nd period - James Wright is hit by Torey Krug.
11:22 of 2nd period - Torey Krug is hit by Henrik Zetterberg.
11:46 of 2nd period - Wrist shot by Nick Palmieri.
11:46 of 2nd period - Stopped by Kevin Poulin without a rebound.
11:47 of 2nd period - Mike Ribeiro wins face-off versus Marc Savard in Bruins zone.
11:53 of 2nd period - Icing by Jamie McBain.
11:54 of 2nd period - Marc Savard wins face-off versus Mike Ribeiro in Canucks zone.
12:21 of 2nd period - Wrist shot by Torey Krug.
12:21 of 2nd period - Shot Blocked by Alex Goligoski.
12:27 of 2nd period - Torey Krug is hit by Nick Palmieri and loses puck.
12:32 of 2nd period - Wrist shot by Alex Goligoski.
12:32 of 2nd period - Stopped by Kevin Poulin with a rebound.
12:34 of 2nd period - Wrist shot by Clarke MacArthur.
12:34 of 2nd period - Shot Misses the Net.
12:36 of 2nd period - Slapshot by Clarke MacArthur.
12:36 of 2nd period - Shot Blocked by Jason Demers.
12:42 of 2nd period - Wrist shot by Nick Palmieri.
12:42 of 2nd period - Stopped by Kevin Poulin without a rebound.
12:43 of 2nd period - Robert Nilsson wins face-off versus Jonathan Toews in Bruins zone.
12:48 of 2nd period - Snap shot by Kris Versteeg.
12:48 of 2nd period - Stopped by Kevin Poulin without a rebound.
12:49 of 2nd period - Robert Nilsson wins face-off versus Jonathan Toews in Bruins zone.
13:02 of 2nd period - Victor Oreskovich is hit by Kris Versteeg and loses puck.
14:03 of 2nd period - Snap shot by Kris Chucko.
14:03 of 2nd period - Goal by Kris Chucko - Canucks : 2 - Bruins : 5.
14:04 of 2nd period - Jonathan Toews wins face-off versus Robert Nilsson in neutral zone.
14:15 of 2nd period - Slapshot by Alex Goligoski.
14:15 of 2nd period - Stopped by Kevin Poulin with a rebound.
14:17 of 2nd period - Slapshot by Robert Nilsson.
14:17 of 2nd period - Stopped by Kevin Poulin with a rebound.
14:40 of 2nd period - Wrist shot by Nathan Horton.
14:40 of 2nd period - Stopped by Brandon Halverson with a rebound.
15:00 of 2nd period - Slapshot by Dave Bolland.
15:00 of 2nd period - Shot Misses the Net.
15:02 of 2nd period - Wrist shot by Torey Krug.
15:02 of 2nd period - Stopped by Brandon Halverson with a rebound.
15:04 of 2nd period - Backhand shot by Jason Demers.
15:04 of 2nd period - Stopped by Brandon Halverson with a rebound.
15:38 of 2nd period - Slapshot by Alex Goligoski.
15:38 of 2nd period - Shot Misses the Net.
16:00 of 2nd period - Wrist shot by Clarke MacArthur.
16:00 of 2nd period - Deflect By Marc Savard.
16:00 of 2nd period - Stopped by Kevin Poulin without a rebound.
16:01 of 2nd period - Robert Nilsson wins face-off versus Jonathan Toews in Bruins zone.
16:06 of 2nd period - Wrist shot by Henrik Zetterberg.
16:06 of 2nd period - Shot Blocked by Jonathan Toews.
17:14 of 2nd period - J.T. Brown is hit by T.J Galiardi and loses puck.
17:30 of 2nd period - Brendan Smith is hit by Dennis Wideman and loses puck.
17:55 of 2nd period - Slapshot by Jason Demers.
17:55 of 2nd period - Goal by Jason Demers - Canucks : 2 - Bruins : 6.
17:56 of 2nd period - Robert Nilsson wins face-off versus Jonathan Toews in neutral zone.
18:13 of 2nd period - Snap shot by Robert Nilsson.
18:13 of 2nd period - Shot Blocked by Torey Krug.
18:19 of 2nd period - Minor Penalty to Victor Oreskovich for Hooking.
18:20 of 2nd period - Henrik Zetterberg wins face-off versus Jonathan Toews in Bruins zone.
19:44 of 2nd period - Wrist shot by Nathan Horton.
19:44 of 2nd period - Shot Misses the Net.
Goals for this period are 0 for Canucks vs 3 for Bruins.
Shots for this period are 18 for Canucks vs 17 for Bruins.

3rd period


0:01 of 3rd period - Jonathan Toews wins face-off versus Robert Nilsson in neutral zone.
0:12 of 3rd period - Snap shot by Jonathan Toews.
0:12 of 3rd period - Stopped by Brandon Halverson with a rebound.
0:14 of 3rd period - Wrist shot by Jonathan Toews.
0:14 of 3rd period - Goal by Jonathan Toews - Canucks : 2 - Bruins : 7.
0:15 of 3rd period - Jonathan Toews wins face-off versus Robert Nilsson in neutral zone.
0:18 of 3rd period - Backhand shot by Robert Nilsson.
0:18 of 3rd period - Goal by Robert Nilsson - Canucks : 3 - Bruins : 7.
0:19 of 3rd period - Jonathan Toews wins face-off versus Robert Nilsson in neutral zone.
0:35 of 3rd period - Alex Goligoski is hit by Victor Oreskovich and loses puck.
1:05 of 3rd period - Minor Penalty to Brenden Morrow for Holding Stick.
1:06 of 3rd period - Wojtek Wolski wins face-off versus Robert Nilsson in Canucks zone.
2:44 of 3rd period - Jamie McBain is hit by Brendan Smith and loses puck.
3:05 of 3rd period - Penalty to Brenden Morrow is over, Brenden Morrow is back on ice.
3:13 of 3rd period - Dave Bolland is hit by Dennis Wideman and loses puck.
3:20 of 3rd period - Wrist shot by Drew Fata.
3:20 of 3rd period - Stopped by Kevin Poulin with a rebound.
3:22 of 3rd period - Slapshot by Dennis Wideman.
3:22 of 3rd period - Stopped by Kevin Poulin with a rebound.
3:32 of 3rd period - Wrist shot by Mattias Tedenby.
3:32 of 3rd period - Shot Misses the Net.
3:34 of 3rd period - Minor Penalty to Jordie Benn for Roughing.
3:35 of 3rd period - Jonathan Toews wins face-off versus Robert Nilsson in Canucks zone.
3:46 of 3rd period - Alex Goligoski is hit by Jonathan Toews and loses puck.
5:34 of 3rd period - Penalty to Jordie Benn is over, Jordie Benn is back on ice.
6:02 of 3rd period - Snap shot by Colton Gillies.
6:02 of 3rd period - Shot Misses the Net.
6:04 of 3rd period - Slapshot by Danny DeKeiser.
6:04 of 3rd period - Shot Misses the Net.
6:06 of 3rd period - Wrist shot by Colton Gillies.
6:06 of 3rd period - Shot Blocked by Mattias Tedenby.
6:08 of 3rd period - Slapshot by Danny DeKeiser.
6:08 of 3rd period - Stopped by Kevin Poulin with a rebound.
6:35 of 3rd period - Snap shot by Clarke MacArthur.
6:35 of 3rd period - Stopped by Kevin Poulin without a rebound.
6:36 of 3rd period - Mike Ribeiro wins face-off versus Marc Savard in Bruins zone.
7:03 of 3rd period - Victor Oreskovich is hit by Kris Versteeg and loses puck.
7:37 of 3rd period - Darren Helm is hit by Kris Chucko.
8:21 of 3rd period - Henrik Zetterberg is hit by Scott Hartnell and loses puck.
8:44 of 3rd period - Wrist shot by Drew Fata.
8:44 of 3rd period - Deflect By Dave Bolland.
8:44 of 3rd period - Stopped by Kevin Poulin with a rebound.
8:46 of 3rd period - Snap shot by James Wright.
8:46 of 3rd period - Stopped by Kevin Poulin with a rebound.
8:48 of 3rd period - Wrist shot by Steve Bernier.
8:48 of 3rd period - Deflect By James Wright.
8:48 of 3rd period - Stopped by Kevin Poulin without a rebound.
8:49 of 3rd period - Jonathan Toews wins face-off versus James Wright in Bruins zone.
8:49 of 3rd period - Jonathan Toews is hit by Brenden Morrow.
8:52 of 3rd period - Jason Demers is hit by Steve Bernier and loses puck.
9:36 of 3rd period - Minor Penalty to Victor Oreskovich for Holding.
9:37 of 3rd period - Jonathan Toews wins face-off versus Kris Versteeg in Bruins zone.
9:52 of 3rd period - Snap shot by Henrik Zetterberg.
9:52 of 3rd period - Stopped by Kevin Poulin with a rebound.
9:54 of 3rd period - Slapshot by Jamie McBain.
9:54 of 3rd period - Shot Misses the Net.
10:04 of 3rd period - Scott Hartnell is hit by Clarke MacArthur and loses puck.
11:05 of 3rd period - Wrist shot by Casey Cizikas.
11:05 of 3rd period - Shot Blocked by Marc Savard.
11:36 of 3rd period - Penalty to Victor Oreskovich is over, Victor Oreskovich is back on ice.
11:41 of 3rd period - Brenden Morrow is hit by Shane O'Brien and loses puck.
12:20 of 3rd period - Steve Bernier is hit by Shane O'Brien and loses puck.
12:31 of 3rd period - Wrist shot by T.J Galiardi.
12:31 of 3rd period - Shot Blocked by Danny DeKeiser.
12:33 of 3rd period - Snap shot by T.J Galiardi.
12:33 of 3rd period - Shot Misses the Net.
12:59 of 3rd period - Snap shot by Clarke MacArthur.
12:59 of 3rd period - Shot Misses the Net.
14:23 of 3rd period - Slapshot by Jamie McBain.
14:23 of 3rd period - Stopped by Kevin Poulin with a rebound.
14:47 of 3rd period - Shane O'Brien is hit by J.T. Brown and loses puck.
15:12 of 3rd period - Victor Oreskovich is hit by Alex Goligoski and loses puck.
15:48 of 3rd period - Wrist shot by Scott Hartnell.
15:48 of 3rd period - Shot Misses the Net.
15:50 of 3rd period - Slapshot by Mike Ribeiro.
15:50 of 3rd period - Stopped by Brandon Halverson with a rebound.
16:56 of 3rd period - Brenden Morrow is hit by Scott Hartnell and loses puck.
17:01 of 3rd period - Snap shot by Scott Hartnell.
17:01 of 3rd period - Deflect By Brenden Morrow.
17:01 of 3rd period - Shot Blocked by Steve Bernier.
17:01 of 3rd period - Puck is out of play.
17:02 of 3rd period - Robert Nilsson wins face-off versus Mike Ribeiro in Canucks zone.
17:02 of 3rd period - Robert Nilsson is hit by Nathan Horton.
17:07 of 3rd period - Off-side.
17:08 of 3rd period - Robert Nilsson wins face-off versus Jonathan Toews in neutral zone.
17:24 of 3rd period - Minor Penalty to Robert Nilsson for Hooking.
17:25 of 3rd period - Jonathan Toews wins face-off versus Steve Bernier in Canucks zone.
17:25 of 3rd period - Wrist shot by Wojtek Wolski.
17:25 of 3rd period - Stopped by Brandon Halverson with a rebound.
18:39 of 3rd period - Icing by Mike Ribeiro.
18:40 of 3rd period - Mike Ribeiro wins face-off versus James Wright in Bruins zone.
19:24 of 3rd period - Penalty to Robert Nilsson is over, Robert Nilsson is back on ice.
19:32 of 3rd period - Snap shot by Kris Chucko.
19:32 of 3rd period - Shot Misses the Net.
19:34 of 3rd period - Slapshot by Casey Cizikas.
19:34 of 3rd period - Deflect By Mattias Tedenby.
19:34 of 3rd period - Stopped by Brandon Halverson with a rebound.
19:36 of 3rd period - Slapshot by Mattias Tedenby.
19:36 of 3rd period - Stopped by Brandon Halverson with a rebound.
19:38 of 3rd period - Slapshot by Kevin Bieksa.
19:38 of 3rd period - Stopped by Brandon Halverson with a rebound.
19:40 of 3rd period - Snap shot by Casey Cizikas.
19:40 of 3rd period - Shot Misses the Net.
19:42 of 3rd period - Slapshot by Kris Chucko.
19:42 of 3rd period - Shot Blocked by Drew Fata.
19:52 of 3rd period - Drew Fata is hit by Johnny Boychuk and loses puck.
Goals for this period are 1 for Canucks vs 1 for Bruins.
Shots for this period are 10 for Canucks vs 7 for Bruins.